[ PARTIDA AOE2 · #508139778 ]
UnrankedJaponeses vs Wu
Equipo del jugador · VICT
[ ANÁLISIS DE REPETICIÓN · EXTRAÍDO DE LA PARTIDA GRABADA ]
Feudal
8:50
Castillos
20:47
Imperial
37:08
| APM promedio | 57.6 |
| APM pico | 97 |
| eAPM promedio | 28.5 |
| Aldeanos / militares | 143 / 237 |
Foco
⚔️ 52.2% · 🌾 47.8%
Militia ×106 · Skirmisher ×55 · Archer ×53 · Mangonel ×10 · Trebuchet (Packed) ×5 · Monk ×3
Feudal
9:16
Castillos
23:06
Imperial
43:07
| APM promedio | 57.0 |
| APM pico | 99 |
| eAPM promedio | 25.2 |
| Aldeanos / militares | 213 / 173 |
Foco
⚔️ 36.9% · 🌾 63.1%
Skirmisher ×123 · Archer ×37 · Unknown (1968) ×18 · Unknown (1942) ×16 · Mangonel ×9 · Militia ×4
Mapa de la partida
Recursos iniciales + cada clic de construcción. Líneas = muros · curvas = relieve. ◆ oro · ⬟ piedra · ● bayas · ✦ reliquia · ◌ hueco del cierre
Tu base· ✓ Cerrada en 20:47 · 43t muro · 1 puerta(s)
Base de うーぺー· Abierta — flanco sin cerrar
Terreno inicial suavizado · ◌ = hueco del cierre detectado · pasá el cursor para detalles
Inputs por minuto
— o35.PuLsE - - うーぺー
Build order — o35.PuLsE
Primeras 150 de 496 acciones detectadas
| 0:00 | Encolar | Villager (Male) |
| 0:00 | Encolar | Villager (Male) |
| 0:00 | Encolar | Villager (Male) |
| 0:02 | Construir | House |
| 0:02 | Construir | House |
| 0:04 | Encolar | Villager (Male) |
| 0:04 | Encolar | Villager (Male) |
| 1:22 | Encolar | Villager (Male) |
| 1:22 | Encolar | Villager (Male) |
| 1:44 | Construir | Lumber Camp |
| 1:56 | Encolar | Villager (Male) |
| 1:56 | Encolar | Villager (Male) |
| 2:14 | Encolar | Villager (Male) |
| 2:14 | Encolar | Villager (Male) |
| 2:41 | Construir | House |
| 2:45 | Encolar | Villager (Male) |
| 2:45 | Encolar | Villager (Male) |
| 3:09 | Encolar | Villager (Male) |
| 3:36 | Encolar | Villager (Male) |
| 3:37 | Encolar | Villager (Male) |
| 3:53 | Encolar | Villager (Male) |
| 3:54 | Encolar | Villager (Male) |
| 4:25 | Encolar | Villager (Male) |
| 4:25 | Encolar | Villager (Male) |
| 4:48 | Encolar | Villager (Male) |
| 4:50 | Encolar | Villager (Male) |
| 4:51 | Encolar | Villager (Male) |
| 4:54 | Construir | Barracks |
| 5:20 | Encolar | Villager (Male) |
| 5:20 | Encolar | Villager (Male) |
| 5:30 | Encolar | Villager (Male) |
| 5:39 | Construir | House |
| 5:50 | Encolar | Villager (Male) |
| 5:59 | Investigar | Loom |
| 6:24 | Investigar | Feudal Age |
| 6:44 | Encolar | Militia |
| 6:44 | Encolar | Militia |
| 7:12 | Construir | Mining Camp |
| 7:23 | Encolar | Militia |
| 7:58 | Construir | House |
| 8:00 | Construir | Palisade Wall |
| 8:46 | Construir | House |
| 8:47 | Construir | House |
| 8:50 | Construir | Palisade Wall |
| 8:50 | Edad | Edad Feudal |
| 8:53 | Investigar | Man-at-Arms (upgrade) |
| 8:54 | Encolar | Villager (Male) |
| 9:01 | Construir | Archery Range |
| 9:24 | Encolar | Villager (Male) |
| 9:31 | Construir | House |
| 9:42 | Encolar | Villager (Male) |
| 9:58 | Encolar | Archer |
| 10:00 | Encolar | Villager (Male) |
| 10:13 | Construir | Mill |
| 10:17 | Construir | House |
| 10:24 | Encolar | Villager (Male) |
| 10:39 | Encolar | Archer |
| 10:55 | Encolar | Villager (Male) |
| 10:58 | Construir | Farm |
| 11:14 | Encolar | Villager (Male) |
| 11:22 | Encolar | Skirmisher |
| 11:28 | Construir | Palisade Wall |
| 11:29 | Construir | Palisade Wall |
| 11:40 | Encolar | Archer |
| 11:44 | Construir | House |
| 11:49 | Investigar | Double-Bit Axe |
| 11:57 | Encolar | Villager (Male) |
| 12:01 | Construir | Farm |
| 12:02 | Construir | Farm |
| 12:05 | Construir | House |
| 12:06 | Construir | House |
| 12:12 | Encolar | Villager (Male) |
| 12:19 | Construir | Palisade Wall |
| 12:26 | Construir | Farm |
| 12:31 | Encolar | Archer |
| 12:31 | Encolar | Archer |
| 12:49 | Encolar | Skirmisher |
| 12:53 | Encolar | Villager (Male) |
| 13:08 | Construir | Blacksmith |
| 13:11 | Encolar | Skirmisher |
| 13:20 | Encolar | Villager (Male) |
| 13:23 | Construir | Farm |
| 13:57 | Encolar | Villager (Male) |
| 13:57 | Encolar | Villager (Male) |
| 14:00 | Construir | Farm |
| 14:01 | Construir | Farm |
| 14:05 | Construir | Farm |
| 14:13 | Encolar | Archer |
| 14:13 | Encolar | Archer |
| 14:16 | Investigar | Fletching |
| 14:20 | Construir | House |
| 14:20 | Construir | House |
| 14:22 | Construir | House |
| 14:25 | Encolar | Villager (Male) |
| 14:29 | Construir | Palisade Gate |
| 14:30 | Construir | Palisade Wall |
| 14:44 | Encolar | Archer |
| 14:52 | Encolar | Villager (Male) |
| 14:54 | Construir | Farm |
| 15:12 | Encolar | Villager (Male) |
| 15:14 | Construir | Farm |
| 15:48 | Encolar | Villager (Male) |
| 15:48 | Encolar | Villager (Male) |
| 15:51 | Construir | Farm |
| 15:52 | Construir | Farm |
| 15:57 | Encolar | Archer |
| 15:58 | Encolar | Archer |
| 16:21 | Construir | Market |
| 16:25 | Encolar | Villager (Male) |
| 16:36 | Encolar | Archer |
| 16:37 | Encolar | Villager (Male) |
| 17:00 | Construir | House |
| 17:05 | Encolar | Villager (Male) |
| 17:22 | Encolar | Archer |
| 18:07 | Investigar | Castle Age |
| 18:07 | Investigar | Castle Age |
| 18:25 | Construir | Stable |
| 18:49 | Construir | House |
| 19:05 | Encolar | Scout Cavalry |
| 19:05 | Encolar | Scout Cavalry |
| 19:39 | Construir | Farm |
| 19:41 | Construir | Archery Range |
| 19:45 | Investigar | Stone Mining |
| 20:24 | Encolar | Archer |
| 20:24 | Encolar | Archer |
| 20:45 | Construir | House |
| 20:47 | Edad | Edad de los Castillos |
| 20:49 | Investigar | Crossbowman (upgrade) |
| 20:53 | Investigar | Bodkin Arrow |
| 20:56 | Construir | Town Center |
| 21:08 | Encolar | Knight |
| 21:20 | Encolar | Villager (Male) |
| 21:28 | Construir | Farm |
| 21:41 | Construir | Farm |
| 21:45 | Encolar | Villager (Male) |
| 21:53 | Construir | Farm |
| 21:53 | Encolar | Villager (Male) |
| 21:53 | Encolar | Villager (Male) |
| 21:54 | Encolar | Villager (Male) |
| 22:04 | Encolar | Villager (Male) |
| 22:17 | Construir | Farm |
| 22:18 | Encolar | Villager (Male) |
| 22:18 | Encolar | Villager (Male) |
| 22:18 | Encolar | Villager (Male) |
| 22:45 | Construir | Farm |
| 22:47 | Construir | Farm |
| 22:47 | Construir | Farm |
| 22:49 | Encolar | Villager (Male) |
| 22:58 | Encolar | Archer |
| 22:58 | Encolar | Archer |
Build order — うーぺー
Primeras 150 de 587 acciones detectadas
| 0:01 | Encolar | Villager (Male) |
| 0:01 | Encolar | Villager (Male) |
| 0:01 | Encolar | Villager (Male) |
| 0:01 | Encolar | Villager (Male) |
| 0:02 | Construir | House |
| 0:03 | Construir | House |
| 1:23 | Encolar | Villager (Male) |
| 1:48 | Construir | Lumber Camp |
| 1:56 | Encolar | Villager (Male) |
| 1:56 | Encolar | Villager (Male) |
| 2:13 | Encolar | Villager (Male) |
| 2:49 | Encolar | Villager (Male) |
| 2:58 | Encolar | Villager (Male) |
| 2:58 | Encolar | Villager (Male) |
| 3:31 | Encolar | Villager (Male) |
| 3:32 | Encolar | Villager (Male) |
| 3:52 | Construir | House |
| 3:59 | Encolar | Villager (Male) |
| 4:00 | Encolar | Villager (Male) |
| 4:00 | Encolar | Villager (Male) |
| 4:22 | Encolar | Villager (Male) |
| 4:22 | Encolar | Villager (Male) |
| 5:11 | Encolar | Villager (Male) |
| 5:11 | Encolar | Villager (Male) |
| 5:23 | Encolar | Villager (Male) |
| 5:32 | Construir | Barracks |
| 5:51 | Encolar | Villager (Male) |
| 6:00 | Construir | House |
| 6:01 | Construir | Palisade Wall |
| 6:20 | Investigar | Loom |
| 6:35 | Construir | Mining Camp |
| 7:02 | Investigar | Feudal Age |
| 7:02 | Investigar | Feudal Age |
| 7:05 | Encolar | Militia |
| 7:08 | Construir | House |
| 7:22 | Encolar | Militia |
| 7:22 | Encolar | Militia |
| 7:42 | Encolar | Militia |
| 8:12 | Construir | Palisade Wall |
| 8:13 | Construir | Palisade Wall |
| 8:16 | Construir | Palisade Wall |
| 8:48 | Encolar | Villager (Male) |
| 8:59 | Encolar | Villager (Male) |
| 9:09 | Construir | House |
| 9:16 | Construir | House |
| 9:16 | Edad | Edad Feudal |
| 9:29 | Encolar | Villager (Male) |
| 9:40 | Encolar | Villager (Male) |
| 9:47 | Construir | Archery Range |
| 10:02 | Encolar | Villager (Male) |
| 10:02 | Encolar | Villager (Male) |
| 10:24 | Encolar | Villager (Male) |
| 10:37 | Construir | Mill |
| 10:44 | Investigar | Man-at-Arms (upgrade) |
| 11:00 | Encolar | Villager (Male) |
| 11:12 | Construir | Farm |
| 11:33 | Construir | Farm |
| 11:40 | Construir | Farm |
| 11:45 | Construir | House |
| 11:47 | Construir | Farm |
| 11:53 | Encolar | Skirmisher |
| 12:07 | Construir | Farm |
| 12:27 | Encolar | Skirmisher |
| 12:39 | Encolar | Villager (Male) |
| 12:39 | Encolar | Villager (Male) |
| 12:45 | Encolar | Skirmisher |
| 12:53 | Encolar | Villager (Male) |
| 12:58 | Construir | Farm |
| 13:09 | Encolar | Skirmisher |
| 13:12 | Construir | House |
| 13:18 | Construir | House |
| 13:26 | Encolar | Villager (Male) |
| 13:31 | Encolar | Skirmisher |
| 13:57 | Encolar | Skirmisher |
| 13:58 | Encolar | Villager (Male) |
| 14:14 | Encolar | Skirmisher |
| 14:18 | Construir | Blacksmith |
| 14:20 | Encolar | Villager (Male) |
| 14:21 | Encolar | Skirmisher |
| 14:32 | Encolar | Villager (Male) |
| 14:33 | Encolar | Villager (Male) |
| 14:33 | Encolar | Villager (Male) |
| 14:36 | Construir | Farm |
| 14:45 | Investigar | Double-Bit Axe |
| 14:45 | Investigar | Double-Bit Axe |
| 14:53 | Construir | Farm |
| 14:55 | Encolar | Villager (Male) |
| 14:55 | Encolar | Villager (Male) |
| 15:01 | Construir | Farm |
| 15:11 | Encolar | Villager (Male) |
| 15:17 | Encolar | Skirmisher |
| 15:17 | Encolar | Skirmisher |
| 15:23 | Construir | Farm |
| 15:29 | Construir | House |
| 15:41 | Investigar | Fletching |
| 15:41 | Investigar | Fletching |
| 15:46 | Construir | Farm |
| 15:50 | Encolar | Villager (Male) |
| 15:59 | Encolar | Skirmisher |
| 16:13 | Encolar | Skirmisher |
| 16:18 | Construir | House |
| 16:19 | Construir | House |
| 16:26 | Investigar | Padded Archer Armor |
| 16:30 | Construir | Farm |
| 16:33 | Construir | Farm |
| 16:43 | Encolar | Villager (Male) |
| 16:51 | Encolar | Villager (Male) |
| 16:51 | Encolar | Skirmisher |
| 16:52 | Encolar | Villager (Male) |
| 16:53 | Encolar | Villager (Male) |
| 17:04 | Investigar | Arson |
| 17:05 | Investigar | Arson |
| 17:07 | Encolar | Archer |
| 17:11 | Construir | Farm |
| 17:24 | Encolar | Villager (Male) |
| 17:24 | Encolar | Villager (Male) |
| 17:36 | Encolar | Villager (Male) |
| 17:52 | Encolar | Villager (Male) |
| 17:52 | Encolar | Villager (Male) |
| 17:53 | Encolar | Villager (Male) |
| 18:03 | Construir | Mining Camp |
| 18:03 | Encolar | Villager (Male) |
| 18:16 | Encolar | Villager (Male) |
| 18:23 | Encolar | Villager (Male) |
| 18:25 | Construir | Farm |
| 18:49 | Encolar | Villager (Male) |
| 19:18 | Encolar | Villager (Male) |
| 19:21 | Encolar | Archer |
| 19:21 | Encolar | Archer |
| 19:51 | Encolar | Villager (Male) |
| 20:26 | Investigar | Castle Age |
| 20:27 | Investigar | Castle Age |
| 20:40 | Encolar | Archer |
| 20:41 | Construir | Archery Range |
| 20:58 | Encolar | Archer |
| 20:59 | Encolar | Archer |
| 21:12 | Construir | Farm |
| 21:21 | Encolar | Skirmisher |
| 21:22 | Encolar | Skirmisher |
| 22:04 | Construir | Farm |
| 22:08 | Construir | Farm |
| 22:09 | Construir | Farm |
| 22:14 | Investigar | Horse Collar |
| 22:14 | Investigar | Horse Collar |
| 22:16 | Encolar | Skirmisher |
| 22:17 | Encolar | Skirmisher |
| 22:27 | Construir | Farm |
| 22:32 | Construir | House |
| 22:39 | Encolar | Archer |
| 22:39 | Encolar | Archer |
Cronología de la partida
| 4:54 | o35.PuLsE · first_building Barracks |
| 5:32 | うーぺー · first_building Barracks |
| 6:01 | うーぺー · wall_segment Palisade Wall x3 |
| 8:00 | o35.PuLsE · wall_segment Palisade Wall x3 |
| 8:12 | うーぺー · wall_segment Palisade Wall x4 |
| 8:13 | うーぺー · wall_segment Palisade Wall x1 |
| 8:16 | うーぺー · wall_segment Palisade Wall x16 |
| 8:50 | o35.PuLsE · wall_segment Palisade Wall x13 |
| 8:50 | o35.PuLsE · age_up feudal |
| 9:01 | o35.PuLsE · first_building Archery Range |
| 9:16 | うーぺー · age_up feudal |
| 9:47 | うーぺー · first_building Archery Range |
| 11:28 | o35.PuLsE · wall_segment Palisade Wall x7 |
| 11:29 | o35.PuLsE · wall_segment Palisade Wall x12 |
| 12:19 | o35.PuLsE · wall_segment Palisade Wall x7 |
| 14:30 | o35.PuLsE · wall_segment Palisade Wall x1 |
| 17:55 | o35.PuLsE · first_market_sell 100 wood |
| 17:56 | o35.PuLsE · first_market_buy 100 food |
| 18:25 | o35.PuLsE · first_building Stable |
| 20:47 | o35.PuLsE · age_up castle |
| 23:06 | うーぺー · age_up castle |
| 23:58 | o35.PuLsE · first_building Siege Workshop |
| 26:59 | うーぺー · first_building Siege Workshop |
| 29:46 | o35.PuLsE · first_building Monastery |
| 35:14 | うーぺー · first_building Castle |
| 36:17 | o35.PuLsE · first_building Castle |
| 37:08 | o35.PuLsE · age_up imperial |
| 39:55 | うーぺー · first_market_buy 100 food |
| 43:07 | うーぺー · age_up imperial |
| 46:09 | うーぺー · first_building Monastery |
| 50:04 | うーぺー · resign |
[ ANÁLISIS IA · 1 CRÉDITO ]
¿Qué pasó realmente en esta partida?
Wolo.gg analiza cada decisión: build order, eco, micro, errores típicos por bracket. Análisis personalizado por WhatsApp o Discord en 30 segundos.
Guía civ
Japoneses
Perfil
ViRuS_PuLsE